 Dungeon Crawl Stone Soup version 0.26-b1-45-g23770d1d51 (webtiles) character file.

Game seed: 15366991010259248818

104 Eitelfritz the Slasher (level 4, -4/39 HPs)
             Began as a Minotaur Gladiator on Jan 6, 2021.
             Slain by Grinder (7 damage)
             ... on level 3 of the Dungeon.
             The game lasted 00:05:03 (1889 turns).

Eitelfritz the Slasher (Minotaur Gladiator)         Turns: 1889, Time: 00:05:03

Health: -4/39      AC:  6    Str: 19    XL:     4   Next: 52%
Magic:  3/3        EV: 11    Int:  6    God:
Gold:   110        SH:  0    Dex: 11    Spells: 3/3 levels left

rFire    . . .     SeeInvis .   a - +0 long sword
rCold    . . .     Faith    .   (no shield)
rNeg     . . .     Spirit   .   h - +0 scale mail
rPois    .         Reflect  .   c - +0 hat
rElec    .         Harm     .   (no cloak)
rCorr    .         Rampage  .   (no gloves)
Will     .....                  (no boots)
Stlth    ..........             (no amulet)
HPRegen  0.13/turn              (no ring)
MPRegen  0.08/turn              (no ring)

@: no status effects
A: retaliatory headbutt, horns 2
a: no special abilities


You were on level 3 of the Dungeon.
You visited 1 branch of the dungeon, and saw 3 of its levels.

You collected 110 gold pieces.

Inventory:

Hand Weapons
 a - a +0 long sword (weapon)
 r - a +0 flail
Missiles
 d - 3 throwing nets (quivered)
 g - 9 poisoned darts
Armour
 b - a +0 leather armour
 c - a +0 hat (worn)
 h - a +0 scale mail (worn)
Jewellery
 n - an uncursed ring of wizardry {unknown}
 o - an uncursed ring of protection from cold {unknown}
 s - an uncursed ring of flight {unknown}
 t - an uncursed ring of resist corrosion {unknown}
Scrolls
 i - 3 scrolls of teleportation {unknown}
 j - 3 scrolls of identify {unknown}
 k - a scroll of random uselessness {unknown}
 q - a scroll of fear {unknown}
Potions
 e - a potion of might {unknown}
 f - a potion of flight {unknown}
 l - a potion of curing
 m - a potion of ambrosia {unknown}
 p - a potion of brilliance {unknown}
 u - a potion of cancellation {unknown}


   Skills:
 + Level 3.6 Fighting
 + Level 5.1 Long Blades
 + Level 2.0 Throwing
 + Level 1.2 Armour
 + Level 3.9 Dodging


You had 3 spell levels left.
You didn't know any spells.
Your spell library was empty.

Dungeon Overview and Level Annotations

Branches:
Dungeon (3/15)

Altars:
Yredelemnul

Annotations:
D:3 Grinder


Innate Abilities, Weirdness & Mutations

You reflexively headbutt those who attack you in melee.
You have a pair of horns on your head.


Message History

Grinder is severely wounded.
Grinder says, "DUCK!"
Grinder hits you!
You writhe in agony.
You hit Grinder.
Grinder is severely wounded.
Grinder barely misses you.
You hit Grinder but do no damage.
Grinder is severely wounded.
Grinder gestures at you. Pain shoots through your body!
* * * LOW HITPOINT WARNING * * *
You closely miss Grinder.
Grinder is severely wounded.
Grinder blinks!
It was a potion of curing.
You feel better. Grinder gestures at you. Pain shoots through your body!
* * * LOW HITPOINT WARNING * * *
Grinder hits you!
You die...

##.......##
#.........#
#..........
########..........
.......#.....(...#
.................#
######.###.#.###.#
#.##5...# #.#..@..#
#
#####.##....###..##
#.........)........
#.###.###.#.#######
#. #.#.#
#.#.##########.#
#............#.#
#....########.#.# .
#.#### #.#.##.


You could see Grinder.

Vanquished Creatures
  3 adders
  An adder zombie (D:3)
  3 worms
  2 leopard geckos
  2 orcs (D:3)
  7 bats
  3 giant cockroaches
  6 hobgoblins
  3 jackals (D:2)
  8 kobolds
  2 quokkas (D:2)
  7 frilled lizards
  8 goblins
  5 rats (D:2)
60 creatures vanquished.

Notes
Turn   | Place    | Note
-------+----------+-------------------------------------------
     0 | D:1      | Eitelfritz the Minotaur Gladiator began the quest for the
                  | Orb.
     0 | D:1      | Reached XP level 1. HP: 18/18 MP: 0/0
   155 | D:1      | Reached skill level 4 in Long Blades
   175 | D:1      | Reached XP level 2. HP: 20/25 MP: 1/1
   860 | D:2      | Reached XP level 3. HP: 15/30 MP: 2/2
  1193 | D:2      | Reached skill level 1 in Armour
  1379 | D:2      | Reached XP level 4. HP: 38/38 MP: 3/3
  1585 | D:2      | Found a basalt altar of Yredelemnul.
  1819 | D:3      | Reached skill level 5 in Long Blades
  1856 | D:3      | Noticed Grinder
  1872 | D:3      | Paralysed by Grinder for 2 turns
  1889 | D:3      | Slain by Grinder

Illustrated notes

Levels and vault maps discovered:
D:1:      psy_arrival_statuary, layout_basic
D:2:      layout_rooms, yredelemnul_altar_generic
D:3:      layout_loops_ring, lemuel_coloured_pillars_altar, uniq_grinder

Skill      XL: |  1  2  3  4 |
---------------+-------------+-----
Long Blades    | 4 5 |  5.1
Fighting       | 3 |  3.6
Armour         | 1 |  1.2
Throwing       | |  2.0
Dodging        | |  3.9

Action                   |  1- 3 |  4- 6 || total
-------------------------+-------+-------++-------
Melee: Long sword        |    86 |    38 ||   124
       Headbutt          |    10 |     6 ||    16
  Use: Potion            |       |     1 ||     1
Armor: Leather armour    |    17 |       ||    17
       Scale mail        |    18 |    13 ||    31
Dodge: Dodged            |    78 |    25 ||   103
       Rpst.: Long sword |    22 |     4 ||    26
